 Dungeon Crawl Stone Soup version 0.31-a0-521-gc7390f8997 (webtiles) character file.

Game seed: 1849998758584158595

7108 cforsyth the Prestidigitator (level 11, -2/74 HPs)
             Began as a Gnoll Artificer on Aug 11, 2023.
             Was an Elder of Hepliaklqana.
             Killed from afar by a hell hound (7 damage)
             ... with a blast of flame
             ... on level 10 of the Dungeon.
             The game lasted 00:21:35 (11949 turns).

cforsyth the Prestidigitator (Gnoll Artificer)     Turns: 11949, Time: 00:21:36

Health: -2/74      AC:  7    Str: 12    XL:     11   Next: 10%
Magic:  20/20      EV: 15    Int: 15    God:    Hepliaklqana [****..]
Gold:   500        SH:  0    Dex: 16    Spells: 22/22 levels left

rFire   + + .        F - +7 great sword of Tomorrow {flame, Dex+4}
rCold   . . .        (shield currently unavailable)
rNeg    . . .        H - +2 leather armour {rF+}
rPois   .            (helmet restricted)
rElec   .            (no cloak)
rCorr   .            t - +0 pair of gloves
SInv    .            (no boots)
Will    .....        (no amulet)
Stlth   +++          (no ring)
HPRegen 0.32/turn    (no ring)
MPRegen 0.17/turn

%: no passive effects
@: on berserk cooldown, slowed, very slow
A: reduced essence, fangs 1, strong nose, distributed training, horns 1, fire
resistance 1
a: Renounce Religion, Recall Ancestor, Ancestor Identity, Transference, Idealise


You were on level 10 of the Dungeon.
You worshipped Hepliaklqana.
Hepliaklqana was greatly pleased with you.
You visited 1 branch of the dungeon, and saw 11 of its levels.
You also visited: Bailey.

You collected 500 gold pieces.

Inventory:

Hand Weapons
 a - a +0 club
 n - a +0 falchion of holy wrath
 x - a +3 dagger of protection
 F - the +7 great sword of Tomorrow (weapon) {flame, Dex+4}
   (You took it off an orc warrior in a bailey)

   Dex+4:     It affects your dexterity (+4).
 I - a +3 antimagic rapier
 J - the +1 trident of the Smoking Bear {vamp, *Noise rPois Str+8 Dex-4}
   (You took it off a kobold brigand in a bailey)

   Str+8:     It affects your strength (+8).
   Dex-4:     It affects your dexterity (-4).
   rPois:     It protects you from poison *Noise: It may make a loud noise when
   swung.
Missiles
 e - 18 curare-tipped darts
 i - 2 throwing nets
 G - 4 datura-tipped darts
 K - 4 atropa-tipped darts
Armour
 b - a +0 leather armour
 k - a +0 plate armour
 t - a +0 pair of gloves (worn)
 H - a +2 leather armour of fire resistance (worn)
 L - the +4 ring mail of the Vaults {rElec}
   (You found it on level 7 of the Dungeon)

   rElec:     It insulates you from electricity.
Jewellery
 g - a ring of poison resistance
 B - a ring of protection from fire
 E - a +5 ring of evasion
Wands
 c - a wand of flame (37) (quivered)
 d - a wand of charming (14)
 w - a wand of mindburst (6)
Scrolls
 f - 2 scrolls of blinking
 h - 7 scrolls of identify {unknown}
 j - 2 scrolls of teleportation
 l - a scroll of revelation {unknown}
 m - a scroll of noise {unknown}
 o - 2 scrolls of poison {unknown}
 p - 2 scrolls of enchant armour {unknown}
 q - 2 scrolls of amnesia {unknown}
 r - 2 scrolls of immolation {unknown}
 u - 2 scrolls of enchant weapon {unknown}
 y - a scroll of vulnerability {unknown}
 C - a scroll of brand weapon {unknown}
 O - a scroll of fog {unknown}
Potions
 s - 2 potions of degeneration {unknown}
 v - a potion of mutation
 z - a potion of curing
 A - a potion of haste {unknown}
 D - a potion of berserk rage
 M - a potion of ambrosia {unknown}
 N - 2 potions of heal wounds {unknown}
 P - a potion of enlightenment {unknown}


   Skills:
 + Level 6.6 Fighting
 + Level 6.1 Short Blades
 + Level 6.1 Long Blades
 + Level 6.1 Axes
 + Level 6.1 Maces & Flails
 + Level 6.1 Polearms
 + Level 6.1 Staves
 + Level 6.1 Ranged Weapons
 + Level 6.1 Throwing
 + Level 7.7 Armour
 + Level 6.6 Dodging
 + Level 6.5 Stealth
 + Level 6.1 Shields
 + Level 6.1 Unarmed Combat
 + Level 6.1 Spellcasting
 + Level 5.0 Conjurations
 + Level 5.0 Hexes
 + Level 5.0 Summonings
 + Level 5.0 Necromancy
 + Level 5.0 Translocations
 + Level 5.0 Transmutations
 + Level 5.0 Fire Magic
 + Level 5.0 Ice Magic
 + Level 5.0 Air Magic
 + Level 5.0 Earth Magic
 + Level 5.0 Poison Magic
 + Level 6.6 Invocations
 + Level 9.0 Evocations
 + Level 5.0 Shapeshifting


You had 22 spell levels left.
You didn't know any spells.
Your spell library contained the following spells:

 Spells                   Type           Power      Damage    Failure   Level
 Sting                    Tmut/Pois      76%        1d6       2%          1
 Ensorcelled Hibernation  Hex/Ice        38%        N/A       3%          2
 Passwall                 Tmut/Erth      15%        N/A       3%          2
 Wereblood                Tmut           19%        N/A       3%          2
 Mephitic Cloud           Conj/Pois/Air  19%        N/A       7%          3
 Swiftness                Air            19%        N/A       7%          3
 Flame Wave               Conj/Fire      19%        2d7       22%         4
 Irradiate                Conj/Tmut      9%         3d14      54%         5
 Fire Storm               Conj/Fire      9%         8d3       100%        9


Dungeon Overview and Level Annotations

Branches:
Dungeon (11/15)            Temple (0/1) D:6            Lair (0/5) D:9
    Orc (0/2) D:9          Bailey (visited)

Altars:
Elyvilon
Gozag
Hepliaklqana
Makhleb
Okawaru
Qazlal
Sif Muna
Trog
Uskayaw
Vehumet
Wu Jian
Xom
Zin

Shops:
D:1 ?   D:5 *


Innate Abilities, Weirdness & Mutations

Your life essence is reduced to manifest your ancestor. (-10% HP)
You have very sharp teeth.
Your uncanny sense of smell can sniff out nearby items.
Your experience applies equally to all skills.
You have a pair of small horns on your head.
Your flesh is heat resistant. (rF+)


Message History

* * * LOW HITPOINT WARNING * * *
You are engulfed in flames.
You resist.
* * * LOW HITPOINT WARNING * * *
The lava snake spits lava at you. The glob of lava hits you!
You partially resist.
* * * LOW HITPOINT WARNING * * *
Eshargamelat is engulfed in blazing flames.
It was a potion of berserk rage.
A red film seems to cover your vision as you go berserk!
You feel yourself moving faster!
You feel mighty! The hell hound breathes flames at you.
The blast of flame hits the lava snake.
The lava snake completely resists.
The blast of flame hits you. You resist.
* * * LOW HITPOINT WARNING * * *
The blast of flame hits Eshargamelat.
Eshargamelat resists.
Eshargamelat is destroyed!
The lava snake bites you but does no damage.
Unknown command.
You are too berserk!
You slice the lava snake!!
You kill the lava snake!
The lava snake misses you.
You slice the lava snake!!
You kill the lava snake!
Why would you want to do that?
You are too berserk!
You are too berserk!
You feel a strong urge to attack something.
You completely miss the lava snake. The lava snake completely misses you.
You slice the lava snake!!
You kill the lava snake!
You feel a strong urge to attack something.
You are no longer berserk.
You are exhausted.
You feel yourself slow down.
There are monsters nearby!
The hell hound breathes flames at you. The blast of flame hits you! You resist.
You die...

####### §≈§≈§≈≈ §≈§≈≈≈§
§≈§≈§≈≈ §≈.≈≈§≈############
§...≈§§§.§○§°§§...##
.=>)h§≈..§§°§§○....#
§..h≈≈≈@.§§○°○§....#####
≈≈.≈≈≈≈##########.......
≈≈≈≈≈§§ #....... ≈≈≈≈§§§
#....... ≈≈≈≈§§§ #(......
########### #####.......
#..# #..# #...........
#..#####..#######...........
#...........................


You could see 2 hell hounds.

Vanquished Creatures
  An efreet (D:10)
  Sigmund (D:3)
  A shadow (D:9)
  A wyvern (D:8)
  A vampire (D:6)
  2 yaks (D:10)
  Menkaure (D:4)
  2 water moccasins
  5 orc warriors
  2 black bears
  An ice beast (D:5)
  An ogre (D:7)
  A phantom (D:6)
  7 kobold brigands
  3 bullfrogs
  A gnoll sergeant (D:8)
  5 scorpions
  3 wights
  A killer bee (D:10)
  2 howler monkeys
  3 lava snakes (D:10)
  4 orc priests
  4 hounds
  2 gnoll boudas
  Jessica (D:3)
  7 iguanas
  Ijyb (D:4)
  A sleepcap (D:6)
  3 orc wizards
  4 adders
  7 gnolls
  A shadow imp (D:5)
  3 white imps
  A worm (D:4)
  A dart slug (D:1)
  28 orcs
  8 endoplasms
  5 giant cockroaches
  10 goblins
  11 hobgoblins
  5 jackals
  3 quokkas
  7 ball pythons
  4 bats
  4 frilled lizards
  20 kobolds
  4 rats
194 creatures vanquished.

Vanquished Creatures (collateral kills)
  A gargoyle (D:8)
  A kobold demonologist (D:10)
  2 shadows (D:10)
  2 yaks (D:10)
  A warg (D:9)
  A water moccasin (D:7)
  An ice beast (D:7)
  2 orc warriors (Bailey)
  2 kobold brigands
  A scorpion (D:7)
  A bullfrog (D:9)
  3 wights
  2 killer bees (D:10)
  2 howler monkeys
  An orc priest (D:9)
  An iguana (D:7)
  5 orc wizards
  An adder (D:5)
  A gnoll (D:6)
  A white imp (D:6)
  13 orcs
  A goblin (D:7)
  16 kobolds
62 creatures vanquished.

Vanquished Creatures (others)
  4 battlemagi
  3 ancestors
7 creatures vanquished.

Grand Total: 263 creatures vanquished

Notes
Turn   | Place    | Note
-------+----------+-------------------------------------------
     0 | D:1      | cforsyth the Gnoll Artificer began the quest for the Orb.
     0 | D:1      | Reached XP level 1. HP: 17/17 MP: 1/1
   172 | D:1      | Reached XP level 2. HP: 23/23 MP: 2/2
   577 | D:1      | Reached XP level 3. HP: 28/28 MP: 3/3
   818 | D:1      | Found Zent's Magic Scroll Shoppe.
  1250 | D:2      | Reached skill level 1 in Invocations
  1305 | D:2      | Reached skill level 1 in Short Blades
  1305 | D:2      | Reached skill level 1 in Long Blades
  1305 | D:2      | Reached skill level 1 in Axes
  1305 | D:2      | Reached skill level 1 in Maces & Flails
  1305 | D:2      | Reached skill level 1 in Polearms
  1305 | D:2      | Reached skill level 1 in Staves
  1305 | D:2      | Reached skill level 1 in Ranged Weapons
  1305 | D:2      | Reached skill level 1 in Throwing
  1305 | D:2      | Reached skill level 1 in Shields
  1305 | D:2      | Reached skill level 1 in Unarmed Combat
  1305 | D:2      | Reached skill level 1 in Spellcasting
  1868 | D:3      | Noticed Jessica
  1879 | D:2      | Reached XP level 4. HP: 34/34 MP: 5/5
  2034 | D:3      | Killed Jessica
  2035 | D:3      | Reached skill level 1 in Conjurations
  2035 | D:3      | Reached skill level 1 in Hexes
  2035 | D:3      | Reached skill level 1 in Summonings
  2035 | D:3      | Reached skill level 1 in Necromancy
  2035 | D:3      | Reached skill level 1 in Translocations
  2035 | D:3      | Reached skill level 1 in Transmutations
  2035 | D:3      | Reached skill level 1 in Fire Magic
  2035 | D:3      | Reached skill level 1 in Ice Magic
  2035 | D:3      | Reached skill level 1 in Air Magic
  2035 | D:3      | Reached skill level 1 in Earth Magic
  2035 | D:3      | Reached skill level 1 in Poison Magic
  2035 | D:3      | Reached skill level 1 in Shapeshifting
  2562 | D:3      | Gained mutation: Your mind is acute. (Int +4, Str/Dex -1)
                  | [potion of mutation]
  2562 | D:3      | Gained mutation: Your flesh is heat resistant. (rF+)
                  | [potion of mutation]
  2562 | D:3      | Lost mutation: Your mind is acute. (Int +4, Str/Dex -1)
                  | [potion of mutation]
  2562 | D:3      | Gained mutation: You have a pair of small horns on your
                  | head. [potion of mutation]
  2566 | D:3      | Reached XP level 5. HP: 14/40 MP: 5/7
  2760 | D:3      | Noticed Sigmund
  2773 | D:3      | Killed Sigmund
  2774 | D:3      | Reached skill level 5 in Armour
  2774 | D:3      | Reached XP level 6. HP: 40/47 MP: 7/9
  2811 | D:3      | Found an ornate altar of the Wu Jian Council.
  3134 | D:4      | Found a white marble altar of Elyvilon.
  3165 | D:4      | Found a shimmering altar of Xom.
  3166 | D:4      | Found a hazy altar of Hepliaklqana.
  3166 | D:4      | Noticed a black bear
  3167 | D:4      | Noticed a spectral ugly thing
  3196 | D:4      | Became a worshipper of Hepliaklqana the Forgotten
  3222 | D:4      | Noticed Ijyb
  3229 | D:4      | Killed Ijyb
  3265 | D:4      | Found an iron altar of Okawaru.
  3300 | D:4      | Reached XP level 7. HP: 35/52 MP: 10/10
  3443 | D:4      | Reached skill level 7 in Evocations
  3758 | D:4      | Found a bloodstained altar of Trog.
  3832 | D:4      | Noticed Menkaure
  3847 | D:4      | Killed Menkaure
  4337 | D:5      | Entered Level 5 of the Dungeon
  4349 | D:5      | Got Sif Muna's Volume of the Summer and Virulence
  4372 | D:5      | Reached * piety under Hepliaklqana
  4810 | D:5      | Found Ejip's Overcharged Wands.
  4827 | D:5      | Reached XP level 8. HP: 45/54 MP: 12/12
  5836 | D:6      | Found a staircase to the Ecumenical Temple.
  6745 | D:5      | Reached XP level 9. HP: 47/59 MP: 14/14
  7915 | D:7      | Found a flagged portal.
  7936 | D:6      | Reached skill level 5 in Fighting
  7936 | D:6      | Reached skill level 5 in Dodging
  8124 | Bailey   | Entered a bailey
  8236 | Bailey   | Reached skill level 5 in Stealth
  8260 | Bailey   | Reached skill level 8 in Evocations
  8293 | Bailey   | Reached ** piety under Hepliaklqana
  8295 | Bailey   | Remembered your ancestor Eshargamelat as a battlemage
  8331 | Bailey   | Identified the +1 trident of the Smoking Bear {vamp, *Noise
                  | rPois Str+8 Dex-4}
  8362 | Bailey   | Reached skill level 5 in Invocations
  8387 | Bailey   | Identified the +7 great sword of Tomorrow {flame, Dex+4}
  8662 | Bailey   | Found a bloodstained altar of Trog.
  8768 | D:7      | Found a shimmering blue altar of Sif Muna.
  8834 | D:7      | Identified the +4 ring mail of the Vaults {rElec}
  8851 | D:7      | Reached XP level 10. HP: 63/67 MP: 17/17
  9004 | D:7      | Reached skill level 5 in Short Blades
  9004 | D:7      | Reached skill level 5 in Long Blades
  9004 | D:7      | Reached skill level 5 in Axes
  9004 | D:7      | Reached skill level 5 in Maces & Flails
  9004 | D:7      | Reached skill level 5 in Polearms
  9004 | D:7      | Reached skill level 5 in Staves
  9004 | D:7      | Reached skill level 5 in Ranged Weapons
  9004 | D:7      | Reached skill level 5 in Throwing
  9004 | D:7      | Reached skill level 5 in Shields
  9004 | D:7      | Reached skill level 5 in Unarmed Combat
  9004 | D:7      | Reached skill level 5 in Spellcasting
  9302 | D:8      | Reached *** piety under Hepliaklqana
  9400 | D:8      | Noticed a gargoyle
  9407 | D:8      | Killed a gargoyle
  9942 | D:8      | Found a radiant altar of Vehumet.
 10193 | D:9      | Found a staircase to the Lair.
 10258 | D:9      | Reached **** piety under Hepliaklqana
 10318 | D:9      | Found a staircase to the Orcish Mines.
 10489 | D:9      | Found a hide-covered altar of Uskayaw.
 10495 | D:9      | Found a stormy altar of Qazlal.
 10496 | D:9      | Found an opulent altar of Gozag.
 10715 | D:10     | Entered Level 10 of the Dungeon
 10967 | D:10     | Found a glowing silver altar of Zin.
 11394 | D:10     | Noticed a kobold demonologist
 11399 | D:10     | Killed a kobold demonologist
 11400 | D:10     | Reached XP level 11. HP: 74/74 MP: 19/19
 11417 | D:10     | Found a burning altar of Makhleb.
 11457 | D:10     | Reached skill level 9 in Evocations
 11562 | D:10     | Reached skill level 5 in Conjurations
 11562 | D:10     | Reached skill level 5 in Hexes
 11562 | D:10     | Reached skill level 5 in Summonings
 11562 | D:10     | Reached skill level 5 in Necromancy
 11562 | D:10     | Reached skill level 5 in Translocations
 11562 | D:10     | Reached skill level 5 in Transmutations
 11562 | D:10     | Reached skill level 5 in Fire Magic
 11562 | D:10     | Reached skill level 5 in Ice Magic
 11562 | D:10     | Reached skill level 5 in Air Magic
 11562 | D:10     | Reached skill level 5 in Earth Magic
 11562 | D:10     | Reached skill level 5 in Poison Magic
 11562 | D:10     | Reached skill level 5 in Shapeshifting
 11940 | D:10     | HP: 4/111 [hell hound/blast of flame (3)]
 11949 | D:10     | Killed from afar by a hell hound

Illustrated notes

Levels and vault maps discovered:
D:1:      beargit_arrival_diablo_church, layout_loops_ring, serial_shops,
          nicolae_shop_rolled_up
D:2:      layout_basic, nicolae_hexahallways
D:3:      layout_rooms, nzn_wu_jian_contemplation, uniq_jessica, uniq_sigmund
D:4:      layout_basic, regret_index_temple_of_mockery,
          mainiacjoe_overflow_boulevard, bloody_trog, okawaru_ov_weapons_minmay,
          uniq_ijyb, uniq_menkaure
D:5:      layout_basic, nicolae_shop_overcharged_wands
D:6:      layout_basic, minmay_temple_entry_large_hall, minmay_statues_item
D:7:      layout_rooms, nicolae_sif_muna_condensation, enter_bailey_5,
          minmay_misc_feat_square, st_stairs_9, nicolae_titane
D:8:      layout_loops_corners, marbit_many_paths,
          nicolae_kite_square_tiling_tiny, st_stairs_6, hex_medium,
          item_on_display_a
D:9:      layout_long_grid, minitemple, grunt_lair_entry_orc_guard_hut,
          david_orc_3
D:10:     lemuel_flame_loot_2, layout_small_grid, lightli_temple_of_fire,
          zin_treasury
D:11:     hellmonk_paralyzer, layout_gridville, special_room [special_room_orc],
          uniq_grum

Skill      XL: |  1  2  3  4  5  6  7  8  9 10 11 |
---------------+----------------------------------+-----
Invocations    | 1 2 3 4 5 6 |  6.6
Short Blades   | 1 2 3 4 5 6 |  6.1
Long Blades    | 1 2 3 4 5 6 |  6.1
Axes           | 1 2 3 4 5 6 |  6.1
Maces & Flails | 1 2 3 4 5 6 |  6.1
Polearms       | 1 2 3 4 5 6 |  6.1
Staves         | 1 2 3 4 5 6 |  6.1
Ranged Weapons | 1 2 3 4 5 6 |  6.1
Throwing       | 1 2 3 4 5 6 |  6.1
Shields        | 1 2 3 4 5 6 |  6.1
Unarmed Combat | 1 2 3 4 5 6 |  6.1
Spellcasting   | 1 2 3 4 5 6 |  6.1
Conjurations   | 1 2 3 4 5 |  5.0
Hexes          | 1 2 3 4 5 |  5.0
Summonings     | 1 2 3 4 5 |  5.0
Necromancy     | 1 2 3 4 5 |  5.0
Translocations | 1 2 3 4 5 |  5.0
Transmutations | 1 2 3 4 5 |  5.0
Fire Magic     | 1 2 3 4 5 |  5.0
Ice Magic      | 1 2 3 4 5 |  5.0
Air Magic      | 1 2 3 4 5 |  5.0
Earth Magic    | 1 2 3 4 5 |  5.0
Poison Magic   | 1 2 3 4 5 |  5.0
Shapeshifting  | 1 2 3 4 5 |  5.0
Fighting       | 3 4 5 6 |  6.6
Armour         | 5 6 7 |  7.7
Dodging        | 3 4 5 6 |  6.6
Stealth        | 3 4 5 6 |  6.5
Evocations     | 7 8 9 |  9.0

Action                     |  1- 3 |  4- 6 |  7- 9 | 10-12 || total
---------------------------+-------+-------+-------+-------++-------
  Melee: Club              |   191 |   158 |       |       ||   349
         Bite              |    22 |    15 |    63 |     5 ||   105
         Punch             |       |     1 |    13 |       ||    14
         Headbutt          |       |    14 |    91 |    13 ||   118
         Dagger            |       |    20 |   498 |       ||   518
         Great sword       |       |       |     9 |    70 ||    79
  Throw: Dart              |       |       |     1 |       ||     1
 Invoke: Recall Ancestor   |       |       |     4 |       ||     4
         Ancestor Life: Ba |       |       |     1 |       ||     1
  Evoke: Wand              |       |    16 |     9 |     4 ||    29
    Use: Potion            |       |     2 |     1 |     2 ||     5
         Scroll            |       |       |     2 |     1 ||     3
   Stab: Sleeping          |     1 |       |       |     2 ||     3
         Distracted        |       |       |     3 |     1 ||     4
 Armour: Leather armour    |     8 |       |       |     1 ||     9
         Plate armour      |   164 |   186 |   338 |       ||   688
         Ring mail         |       |       |       |    34 ||    34
  Dodge: Dodged            |    52 |    37 |   117 |    69 ||   275

Table legend: (Time is in decaauts)
 A = Elapsed time spent in this place.
 B = Non-inter-level travel time spent in this place.
 C = Inter-level travel time spent in this place.
 D = Time resting spent in this place.
 E = Time spent auto-exploring this place.
 F = Levels seen in this place.
 G = Mean time per level.
                   A        B        C        D        E       F      G
               +--------+--------+--------+--------+--------+-----+--------+
         Total |  12007 |  11722 |    285 |   2301 |   7153 |  12 | 1000.6 |
       Dungeon |  11374 |  11089 |    285 |   2033 |   7066 |  11 | 1034.0 |
        Bailey |    633 |    633 |      0 |    267 |     87 |   1 |  633.0 |
               +--------+--------+--------+--------+--------+-----+--------+

Top non-repeatable levels by time:
     D:5: 2578 daAuts
     D:4: 1418 daAuts
     D:2: 1264 daAuts
    D:10: 1243 daAuts
     D:6: 1105 daAuts
     D:1: 1080 daAuts
     D:8: 867 daAuts
     D:9: 723 daAuts
     D:3: 658 daAuts
  Bailey: 633 daAuts
     D:7: 432 daAuts
    D:11: 1 daAuts
